Map: Eindringling LE

Players

Panda

  • Race: Zerg Zerg
  • League: Diamond
  • Spawn Location: 5:00

Tizz

  • Race: Protoss Protoss
  • League: Diamond
  • Spawn Location: 11:00

VOD

Have the link to the VOD?

Description

Time

  • Played on: Sept. 7, 2017, 8:27 a.m.
  • Length: 4:40
Show
View Real Time Build Order
Export as new Build Order

Panda Zerg 

Build Orders: Hatch First 

Get SALT Encoding   

  12  0:01  Drone  
  13  0:13  Overlord  
  13  0:19  Drone  
  14  0:31  Drone x2  
  14  0:35  Drone  
  17  0:54  Hatchery  
  16  0:59  Drone  
  17  1:06  Drone  
  17  1:10  Extractor  
  17  1:12  Drone  
  18  1:21  Spawning Pool  
  18  1:25  Drone  
  18  1:30  Drone  
  19  1:39  Overlord  
  19  1:50  Drone  
  20  2:01  Hatchery  
  19  2:05  Drone  
  20  2:10  Queen  
  22  2:23  Overlord  
  22  2:25  Metabolic Boost  
  22  2:36  Evolution Chamber  
  21  2:46  Queen  
  21  2:48  Zergling x4  
  25  2:53  Zergling x2  
  26  3:02  Zergling x2  
  27  3:13  Zergling x4  
  27  3:17  Zergling x6  
  32  3:24  Overlord  
  32  3:29  Zergling x2  
  32  3:30  Zergling x6  
  36  3:38  Zergling x6  
  39  3:45  Zergling x2  
  39  3:46  Zergling x4  
  42  3:58  Zergling x10  
  46  4:07  Zergling x6  
Show
View Real Time Build Order
Export as new Build Order

Tizz Protoss 

Build Orders:  

Get SALT Encoding   

  12  0:01  Probe (Chrono Boost)  
  13  0:12  Probe (Chrono Boost)  
  14  0:20  Pylon  
  14  0:23  Probe (Chrono Boost)  
  15  0:38  Probe (Chrono Boost)  
  15  0:41  Gateway  
  16  0:43  Assimilator  
  16  0:49  Probe (Chrono Boost)  
  17  1:01  Probe (Chrono Boost)  
  18  1:11  Probe (Chrono Boost)  
  19  1:18  Pylon  
  19  1:22  Probe (Chrono Boost)  
  21  1:32  Probe (Chrono Boost)  
  21  1:34  Cybernetics Core  
  21  1:43  Probe (Chrono Boost)  
  22  1:51  Nexus  
  22  1:54  Probe (Chrono Boost)  
  23  2:04  Probe (Chrono Boost)  
  24  2:15  Probe (Chrono Boost)  
  25  2:20  Pylon  
  25  2:21  Warp Gate (Chrono Boost)  
  25  2:26  Probe, Gateway  
  26  2:31  Gateway  
  26  2:38  Probe  
  27  2:47  Gateway  
  27  2:50  Probe  
  28  2:51  Adept (Chrono Boost)  
  30  3:02  Probe, Mothership Core  
  33  3:12  Probe  
  34  3:22  Adept x3  
  40  3:35  Adept  
  40  3:38  Gateway  
  40  3:39  Gateway  
  42  3:44  Probe  
  42  3:45  Probe  
  44  3:54  Probe  
  44  3:57  Probe  
  46  4:10  Probe  
  46  4:11  Probe  
  46  4:14  Assimilator  
  46  4:16  Pylon  
  48  4:20  Probe, Pylon  
  49  4:24  Adept x2  
  49  4:25  Adept  
  49  4:28  Adept  
  48  4:31  Pylon  
  48  4:33  Pylon  
Tags
 
Matchup
PvZ
Replay Pack
replays1
Spawn Locations
Cross Positions
Add a new tag
Caveats
  • Supply blocks, unpowered buildings, or Contaminate may cause inaccurate times.
  • Supply counts are checked every 10 seconds.